 Dungeon Crawl Stone Soup version 0.30-a0-341-g682706514a (webtiles) character file.

Game seed: 18406637010495722396

135 Ashen the Grave Robber (level 4, -1/25 HPs)
             Began as a Deep Elf Necromancer on Nov 3, 2022.
             Slain by an adder (3 damage)
             ... on level 3 of the Dungeon.
             The game lasted 00:05:39 (2489 turns).

Ashen the Grave Robber (Deep Elf Necromancer)       Turns: 2489, Time: 00:05:39

Health: -1/25      AC:  2    Str:  5    XL:     4   Next: 97%
Magic:  11/11      EV: 13    Int: 22    God:
Gold:   18         SH:  0    Dex: 15    Spells: 5/10 levels left

rFire   . . .      SeeInvis .    j - +0 rapier
rCold   . . .      Faith    .    (no shield)
rNeg    . . .      Spirit   .    a - +0 robe
rPois   .          Reflect  .    (no helmet)
rElec   .          Harm     .    (no cloak)
rCorr   .          Rampage  .    (no gloves)
Will    .....                    (no boots)
Stlth   +.........               (no amulet)
HPRegen 0.24/turn                (no ring)
MPRegen 0.12/turn                (no ring)

@: lethally poisoned (-1 -> -2), very slow
A: no striking features
a: no special abilities


You were on level 3 of the Dungeon.
You visited 1 branch of the dungeon, and saw 3 of its levels.

You collected 122 gold pieces.
You spent 104 gold pieces at shops.

Inventory:

Hand Weapons
 j - a +0 rapier (weapon)
Armour
 a - a +0 robe (worn)
Wands
 l - a wand of polymorph (5)
Scrolls
 d - a scroll of teleportation {unknown}
 e - 2 scrolls of immolation
 f - a scroll of summoning {unknown}
 i - a scroll of identify {unknown}
 m - 3 scrolls of enchant weapon {unknown}
 o - a scroll of butterflies {unknown}
 p - a scroll of fear
Potions
 c - 3 potions of flight {unknown}
 g - a potion of brilliance {unknown}
 h - a potion of curing {unknown}
 k - a potion of ambrosia {unknown}
 n - a potion of lignification {unknown}


   Skills:
 + Level 1.1 Fighting
 + Level 3.0 Dodging
 + Level 3.5 Stealth
 + Level 3.8 Spellcasting
 + Level 1.1 Conjurations
 + Level 5.9 Necromancy


You had 5 spell levels left.
You knew the following spells:

 Your Spells              Type           Power      Damage    Failure   Level
a - Necrotise             Necr           100%       1d9       1%          1
b - Kiss of Death         Conj/Necr      76%        2d11      2%          1
c - Vampiric Draining     Necr           30%        2d8       3%          3

Your spell library contained the following spells:

 Spells                   Type           Power      Damage    Failure   Level
 Animate Dead             Necr           30%        N/A       10%         4
 Dispel Undead            Necr           30%        3d14      10%         4
 Sting                    Tmut/Pois      16%        1d3       12%         1
 Poisonous Vapours        Pois/Air       8%         N/A       17%         2
 Agony                    Necr           30%        N/A       26%         5
 Confusing Touch          Hex            4%         N/A       34%         3
 Olgreb's Toxic Radiance  Pois           4%         N/A       75%         4


Dungeon Overview and Level Annotations

Branches:
Dungeon (3/15)

Altars:
Kikubaaqudgha

Shops:
D:3 *

Portals:
Sewer: D:3

Annotations:
D:3 Grinder


Message History

The river rat barely misses you. The adder bites you but does no damage.
The adder closely misses you. The river rat closely misses you.
The adder attacks as you move away! The adder bites you.
You are poisoned.
The adder poisons you!
You enter the shallow water.
Moving in this stuff is going to be slow.
Found a clear potion.
You feel sick.
Grinder shouts!
Your river rat skeleton misses the adder.
Your river rat skeleton barely misses the adder.
The river rat bites you. The adder bites you.
* * * LOW HITPOINT WARNING * * *
Casting: Necrotise (safe; 1% risk of failure)
Confirm with . or Enter, or press ? or * to list all spells.
The spell is quite dangerous to miscast (3% risk of failure)!
Continue anyway?
Aiming: Vampiric Draining (quite dangerous; 3% risk of failure)
Press: ? - help, Shift-Dir - straight line, f - river rat
Aim: a river rat (ally target)
You draw life force from the river rat!
You feel life coursing into your body.
You feel sick. Grinder gestures at you.
You suddenly lose the ability to move!
The river rat bites you.
Your river rat skeleton closely misses the adder.
Your river rat skeleton completely misses the adder.
The adder bites you.
* * * LOW HITPOINT WARNING * * *
You feel sick. The river rat bites you.
* * * LOW HITPOINT WARNING * * *
The adder bites you.
* * * LOW HITPOINT WARNING * * *
Your river rat skeleton bites the adder.
Your river rat skeleton completely misses the adder.
You feel sick. The adder bites you but does no damage.
The river rat bites you but does no damage.
Your river rat skeleton misses the adder.
Your river rat skeleton closely misses the adder.
You can move again.
Magic courses through your body.
You feel sick. The adder bites you.
You die...

#..........†.....8.
#................##
#.............#..#
#.............#...#
#..[........#######
#...≈≈≈.....#∩~~~~+
#..≈≈≈≈≈....#~~~~.##
#..≈~∩≈≈....#~~~...##.#
#..≈~.~≈...>#~r@.......
#...~.~.....#ZS...###!#
#...........ZZ....#
#############..5..#
#.....# #.....# #.....#
#.....# #.....#


You could see Grinder, an adder (ally target), a river rat (ally target), a
friendly rat skeleton and 2 friendly river rat skeletons.

Vanquished Creatures
  An orc priest (D:2)
  2 adders (D:2)
  2 river rats (D:3)
  3 worms (D:2)
  3 dart slugs
  3 orcs (D:2)
  4 bats
  3 endoplasms (D:2)
  5 giant cockroaches
  2 goblins (D:1)
  5 hobgoblins
  4 jackals (D:1)
  3 ball pythons
  A frilled lizard (D:1)
  4 kobolds (D:2)
  2 rats
47 creatures vanquished.

Vanquished Creatures (collateral kills)
  An orc (D:2)
  A ball python (D:1)
  A hobgoblin (D:1)
  A bat (D:2)
4 creatures vanquished.

Grand Total: 51 creatures vanquished

Notes
Turn   | Place    | Note
-------+----------+-------------------------------------------
     0 | D:1      | Ashen the Deep Elf Necromancer began the quest for the Orb.
     0 | D:1      | Reached XP level 1. HP: 10/10 MP: 6/6
    33 | D:1      | Reached skill level 5 in Necromancy
   218 | D:1      | Reached XP level 2. HP: 13/15 MP: 4/8
   260 | D:1      | Learned a level 1 spell: Kiss of Death
   879 | D:1      | Reached XP level 3. HP: 19/19 MP: 2/9
  1212 | D:1      | Learned a level 3 spell: Vampiric Draining
  1394 | D:2      | Reached XP level 4. HP: 19/22 MP: 6/11
  1814 | D:2      | Reached skill level 1 in Conjurations
  1871 | D:2      | Reached skill level 1 in Fighting
  2428 | D:3      | Found an ancient bone altar of Kikubaaqudgha.
  2451 | D:3      | Found Mecane's General Store.
  2463 | D:3      | Bought a scroll of fear for 52 gold pieces
  2463 | D:3      | Bought a scroll of immolation for 52 gold pieces
  2469 | D:3      | Found a glowing drain.
  2469 | D:3      | Noticed Grinder
  2486 | D:3      | Paralysed by Grinder for 3 turns
  2489 | D:3      | Slain by an adder

Illustrated notes

Levels and vault maps discovered:
D:1:      saegor_arrival_under_anarchy, layout_basic, chequers_decorated_corner
D:2:      layout_loops_corners, minmay_tetromino_i4
D:3:      minmay_door_path, layout_basic, minitemple, portal_sewer_entry_b,
          serial_shops, shop, nicolae_shop_overgrown_old_shop,
          nicolae_shop_waterfront, uniq_jessica, uniq_robin, uniq_grinder

Skill      XL: |  1  2  3  4 |
---------------+-------------+-----
Necromancy     | 5 |  5.9
Stealth        | 3 |  3.5
Conjurations   | 1 |  1.1
Fighting       | 1 |  1.1
Dodging        | 3 |  3.0
Spellcasting   | |  3.8

Action                   |  1- 3 |  4- 6 || total
-------------------------+-------+-------++-------
Melee: Rapier            |     2 |    21 ||    23
       Unarmed           |     1 |       ||     1
       Punch             |       |     1 ||     1
 Cast: Necrotise         |    42 |    16 ||    58
       Kiss of Death     |     3 |     1 ||     4
       Vampiric Draining |       |     9 ||     9
  Use: Potion            |       |     1 ||     1
 Stab: Sleeping          |       |     4 ||     4
Armor: Robe              |     4 |     8 ||    12
Dodge: Dodged            |     5 |    23 ||    28

Table legend: (Time is in decaauts)
 A = Elapsed time spent in this place.
 B = Non-inter-level travel time spent in this place.
 C = Inter-level travel time spent in this place.
 D = Time resting spent in this place.
 E = Time spent auto-exploring this place.
 F = Levels seen in this place.
 G = Mean time per level.
                   A        B        C        D        E       F      G
               +--------+--------+--------+--------+--------+-----+--------+
         Total |   2495 |   2387 |    108 |      0 |   2098 |   3 |  831.7 |
       Dungeon |   2495 |   2387 |    108 |      0 |   2098 |   3 |  831.7 |
               +--------+--------+--------+--------+--------+-----+--------+

Top non-repeatable levels by time:
     D:1: 1213 daAuts
     D:2: 1209 daAuts
     D:3: 72 daAuts
